Map: [ESL] Hecate

Players

Creator - Winner!

  • Race: Protoss Protoss
  • Spawn Location: 7:00

Kelazhur

  • Race: Terran Terran
  • Spawn Location: 1:00

Event: ESL SC2 Masters 2023 Winter (Finals)

VOD

Have the link to the VOD?

Description

Time

  • Played on: Dec. 16, 2023, 9:40 a.m.
  • Length: 8:08

All games in this series

Show
View Real Time Build Order
Export as new Build Order

Creator Protoss - Winner!

Build Orders:  

Get SALT Encoding   

  12  0:00  Probe  
  13  0:12  Probe  
  14  0:17  Pylon  
  14  0:24  Probe (Chrono Boost)  
  15  0:36  Gateway, Probe (Chrono Boost)  
  16  0:43  Probe (Chrono Boost)  
  16  0:45  Assimilator  
  17  0:51  Probe  
  18  1:03  Probe  
  19  1:15  Probe  
  20  1:24  Zealot  
  22  1:29  Cybernetics Core  
  22  1:35  Pylon  
  22  1:38  Probe  
  23  1:53  Probe  
  24  2:03  Adept (Chrono Boost)  
  24  2:06  Probe  
  27  2:21  Probe  
  27  2:24  Nexus  
  27  2:25  Stalker (Chrono Boost)  
  28  2:33  Probe, Warp Gate (Chrono Boost)  
  29  2:40  Pylon  
  29  2:42  Assimilator  
  29  2:49  Stalker  
  31  2:58  Probe  
  32  3:03  Gateway  
  32  3:10  Probe  
  32  3:13  Shield Battery  
  32  3:22  Stalker  
  32  3:25  Probe  
  35  3:33  Shield Battery  
  34  3:36  Probe  
  34  3:38  Probe  
  36  3:48  Probe  
  36  3:50  Probe  
  38  4:00  Twilight Council  
  38  4:01  Probe  
  39  4:03  Probe  
  40  4:11  Stalker  
  40  4:12  Stalker  
  44  4:17  Probe  
  44  4:19  Probe  
  45  4:36  Adept  
  45  4:37  Adept  
  49  4:40  Blink (Chrono Boost)  
  49  4:43  Probe (Chrono Boost)  
  51  4:46  Probe (Chrono Boost)  
  51  4:51  Robotics Facility  
  51  4:56  Probe (Chrono Boost)  
  51  4:59  Probe (Chrono Boost)  
  53  5:01  Probe (Chrono Boost)  
  53  5:06  Pylon  
  54  5:11  Gateway  
  54  5:26  Gateway, Probe  
  54  5:27  Probe  
  56  5:30  Stalker x2  
  60  5:35  Pylon  
  60  5:37  Pylon  
  60  5:40  Warp Prism (Chrono Boost)  
  62  5:49  Pylon  
  62  5:53  Probe x2  
  62  5:56  Stalker  
  66  5:57  Stalker  
  66  6:02  Assimilator  
  69  6:11  Observer  
  69  6:22  Probe x2  
  69  6:23  Stalker x4  
  79  6:25  Pylon  
  79  6:30  Pylon  
  79  6:49  Stalker x4  
  87  6:55  Probe x2  
  87  7:13  Stalker x2  
  87  7:15  Zealot  
  80  7:27  Probe x2  
  79  7:31  Nexus  
  76  7:40  Probe x2  
  78  7:44  Zealot x4  
  86  7:52  Probe x2  
  80  8:06  Zealot x4  
Show
View Real Time Build Order
Export as new Build Order

Kelazhur Terran 

Build Orders: Cyclone Opening 

Get SALT Encoding   

  12  0:00  SCV  
  13  0:12  SCV  
  14  0:17  Supply Depot  
  14  0:24  SCV  
  15  0:39  SCV  
  15  0:40  Barracks  
  16  0:45  Refinery  
  16  0:51  SCV  
  16  0:55  Refinery  
  17  1:03  SCV  
  18  1:15  SCV  
  19  1:30  Orbital Command, Reaper  
  19  1:47  Factory  
  19  1:53  Supply Depot  
  19  1:55  Bunker  
  19  1:58  SCV  
  20  2:03  Reaper  
  21  2:10  SCV  
  22  2:22  SCV  
  23  2:31  Cyclone  
  23  2:34  SCV  
  26  2:37  Supply Depot  
  26  2:47  Bunker, Reaper  
  26  2:48  SCV  
  26  2:51  Barracks  
  28  3:00  SCV  
  28  3:03  Cyclone  
  31  3:12  SCV  
  32  3:24  SCV  
  32  3:36  Cyclone, SCV  
  32  3:37  Command Center  
  32  3:39  Barracks Tech Lab  
  35  3:42  Starport  
  35  3:48  SCV  
  36  4:01  SCV  
  37  4:09  Stimpack  
  37  4:11  Factory Tech Lab  
  37  4:13  SCV  
  38  4:18  Supply Depot  
  36  4:39  Siege Tank, Marine  
  36  4:44  SCV  
  37  4:51  Orbital Command, Medivac  
  37  4:56  SCV  
  37  4:58  Marauder  
  39  5:02  Barracks  
  39  5:03  Barracks Reactor  
  39  5:08  SCV  
  39  5:11  Bunker  
  40  5:18  Marine  
  40  5:19  Orbital Command  
  40  5:20  Siege Tank, SCV  
  45  5:33  SCV  
  45  5:37  Marauder  
  45  5:39  Command Center  
  45  5:40  Marine x2  
  49  5:43  Engineering Bay  
  49  5:49  SCV  
  50  5:56  SCV  
  51  5:58  Marine  
  51  6:01  SCV  
  53  6:07  Medivac  
  53  6:08  SCV  
  53  6:10  Marauder  
  58  6:11  Marine  
  58  6:13  Terran Infantry Weapons Level 1  
  58  6:16  Supply Depot, Refinery  
  58  6:18  Marine x2  
  59  6:20  SCV  
  59  6:21  SCV  
  63  6:31  Factory Reactor  
  63  6:32  SCV, Marine x2  
  66  6:33  SCV  
  66  6:36  Marine  
  66  6:38  Marauder  
  70  6:44  SCV  
  68  6:49  Marine  
  68  6:50  Marine  
  68  6:52  SCV  
  68  6:54  Marine  
  64  6:56  SCV  
  64  6:59  Marauder  
  66  7:05  SCV  
  66  7:07  Marine x2  
  67  7:09  Widow Mine x2  
  67  7:10  SCV  
  70  7:20  Marauder  
  69  7:26  SCV  
  59  7:37  SCV  
  59  7:38  SCV  
  59  7:42  Marauder  
  59  7:43  SCV, Refinery  
  64  7:44  Refinery  
  64  7:45  Marine  
  64  7:49  Marine x2  
  67  7:55  SCV  
Tags
 
Add a new tag
Caveats
  • Supply blocks, unpowered buildings, or Contaminate may cause inaccurate times.
  • Supply counts are checked every 10 seconds.